 Dungeon Crawl Stone Soup version 0.31-a0-496-g6f97920a28 (webtiles) character file.

Game seed: 9504135636309038396

3505 bmack86 the Severer (level 9, -3/70 HPs)
             Began as a Minotaur Fighter on Aug 9, 2023.
             Was a Priest of Okawaru.
             Slain by Amaemon
             ... wielding a +1 demon whip of venom
              (5 damage)
             ... on level 8 of the Dungeon.
             The game lasted 00:15:04 (5929 turns).

bmack86 the Severer (Minotaur Fighter)              Turns: 5929, Time: 00:15:06

Health: -3/70      AC: 14    Str: 23    XL:     9   Next: 80%
Magic:  11/11      EV: 11    Int:  5    God:    Okawaru [***...]
Gold:   283        SH:  4    Dex: 10    Spells: 8/8 levels left

rFire   + + +        r - +10 mace of the Unkillable {heavy, Fly rF+++ Str-2 SInv}
rCold   . . .        c - +0 buckler
rNeg    . . .        C - +0 plate armour
rPois   .            (helmet restricted)
rElec   .            f - +0 cloak
rCorr   .            v - +1 pair of gloves
SInv    +            (no boots)
Will    .....        D - amulet of regeneration Stlth
                     p - +5 ring of evasion
HPRegen 1.11/turn    (no ring)
MPRegen 0.12/turn

%: no passive effects
@: lethally poisoned (-3 -> -6), flying, slowed, very slow
A: horns 2, retaliatory headbutt
a: Renounce Religion, Heroism


You were on level 8 of the Dungeon.
You worshipped Okawaru.
Okawaru was most pleased with you.
You visited 2 branches of the dungeon, and saw 9 of its levels.
You also visited: Sewer.

You collected 363 gold pieces.
You spent 80 gold pieces at shops.

Inventory:

Hand Weapons
 a - a +0 war axe
 r - the +10 mace of the Unkillable (weapon) {heavy, Fly rF+++ Str-2 SInv}
   (You found it on level 3 of the Dungeon)

   Str:       It affects your strength (-2).
   rF:        It renders you almost immune to fire.
   SInv:      It lets you see invisible.
   Fly:       It grants you flight.
 H - the +11 rapier of Upheaval {antimagic, *Rage Str+6}
   (You found it on level 7 of the Dungeon)

   Str:       It affects your strength (+6).
   *Rage:     It berserks you when you make melee attacks (+20% chance).
Missiles
 e - 8 boomerangs
 x - 2 throwing nets
Armour
 b - a +0 scale mail
 c - a +0 buckler (worn)
 f - a +0 cloak (worn)
 o - a +0 chain mail
 v - a +1 pair of gloves (worn)
 B - a scarf of harm
 C - a +0 plate armour (worn)
Jewellery
 d - a ring of wizardry
 p - a +5 ring of evasion (left hand)
 t - a ring of ice
 D - an amulet of regeneration (around neck)
Wands
 l - a wand of flame (4) (quivered)
 n - a wand of mindburst (13)
 w - a wand of iceblast (6)
Scrolls
 h - a scroll of noise
 i - 3 scrolls of teleportation
 s - 2 scrolls of poison
 E - a scroll of silence
 G - a scroll of fear
Potions
 g - a potion of berserk rage
 j - a potion of attraction
 k - a potion of resistance
 m - 2 potions of brilliance
 q - a potion of mutation
 u - a potion of lignification
 A - 2 potions of magic {unknown}


   Skills:
 - Level 3.6 Fighting
 * Level 15.5 Axes
 - Level 3.6 Armour
 - Level 3.6 Shields
 + Level 4.8 Invocations


You had 8 spell levels left.
You didn't know any spells.
Your spell library contained the following spells:

 Spells                   Type           Power      Damage    Failure   Level
 Sandblast                Erth           0%         2d4       100%        1
 Shock                    Conj/Air       0%         1d3       100%        1
 Sting                    Tmut/Pois      0%         1d3       100%        1
 Passwall                 Tmut/Erth      0%         N/A       100%        2
 Poisonous Vapours        Pois/Air       0%         N/A       100%        2
 Stone Arrow              Conj/Erth      0%         3d7       100%        3
 Swiftness                Air            0%         N/A       100%        3
 Airstrike                Air            0%         2d(0-16)  100%        4
 Olgreb's Toxic Radiance  Pois           0%         N/A       100%        4


Dungeon Overview and Level Annotations

Branches:
Dungeon (8/15)             Temple (1/1) D:6           Sewer (visited)
   Lair: D:8-11

Altars:
Cheibriados
Dithmenos
Elyvilon
Fedhas
Gozag
Hepliaklqana
Kikubaaqudgha
Makhleb
Okawaru
Qazlal
Ru
Sif Muna
Trog
Uskayaw
Vehumet
Wu Jian
Xom
Yredelemnul
Zin

Shops:
D:5 !

Annotations:
D:8 Amaemon


Innate Abilities, Weirdness & Mutations

You have a pair of horns on your head.
You reflexively headbutt those who attack you in melee.


Message History

The scorpion stings you but does no damage.
Amaemon closely misses you. You furiously retaliate!
You headbutt Amaemon! Amaemon claws you but does no damage.
Amaemon tail-slaps you but does no damage.
You bludgeon Amaemon!! You headbutt Amaemon!
Amaemon is heavily wounded.
The scorpion stings you but does no damage.
You block the scorpion's attack.
The scorpion stings you but does no damage. x3
Amaemon barely misses you. You furiously retaliate!
You headbutt Amaemon. Amaemon closely misses you. Amaemon barely misses you.
The scorpion stings you but does no damage. x2
The scorpion stings you.
The scorpion stings you but does no damage.
Amaemon hits you with a +1 demon whip of venom!
* * * LOW HITPOINT WARNING * * *
You are poisoned.
You block Amaemon's attack.
Amaemon tail-slaps you but does no damage.
You block the scorpion's attack.
You sock Amaemon!
Amaemon is heavily wounded.
You feel very sick. The scorpion barely misses you. You furiously retaliate!
You headbutt the scorpion! The scorpion closely misses you.
The scorpion barely misses you. The scorpion stings you.
* * * LOW HITPOINT WARNING * * *
The scorpion closely misses you.
The scorpion stings you but does no damage.
Amaemon casts a spell at the scorpion.
The scorpion seems to grow toxic.
The scorpion stings you but does no damage.
You block the scorpion's attack. The scorpion barely misses you.
You furiously retaliate!
You headbutt the scorpion!
You kill the scorpion!
The scorpion's corpse disappears in a puff of smoke!
The scorpion stings you.
* * * LOW HITPOINT WARNING * * *
Amaemon hits you with a +1 demon whip of venom.
You die...

#.# #.....# #..........
#... #.. #..##..........
.)##.. #.............
.....# ##............
###..#####............
#.....................
####.......####..........
.......sss.# ###........
.......6@..# #........
.......ยง...# ...^...
......###### .......
...... ....... ......
####### ...s. .....


You could see Amaemon and 3 scorpions.

Vanquished Creatures
  Pikel (D:7)
  An orange demon (D:8)
  Maggie (D:6)
  A shadow (D:5)
  Eustachio (D:4)
  A wraith (D:7)
  A water moccasin (D:8)
  2 ice beasts
  Pargi (Sewer)
  An orc warrior (D:6)
  2 sky beasts (D:6)
  2 centaurs
  A lemure (D:7)
  A kobold brigand (D:6)
  4 bullfrogs
  2 scorpions
  2 jellies
  An orc priest (D:5)
  A hound (D:6)
  An iron imp (D:4)
  Jessica (D:3)
  Natasha (thrice) (D:2)
  4 iguanas
  5 orc wizards
  15 gnolls
  5 adders
  A river rat (D:5)
  An ufetubus (D:5)
  3 dart slugs
  18 orcs
  9 ball pythons
  6 bats
  9 endoplasms
  8 giant cockroaches
  A goblin (D:1)
  6 hobgoblins
  4 jackals (D:4)
  10 kobolds
  5 quokkas
  6 frilled lizards
  6 rats
154 creatures vanquished.

Notes
Turn   | Place    | Note
-------+----------+-------------------------------------------
     0 | D:1      | bmack86 the Minotaur Fighter began the quest for the Orb.
     0 | D:1      | Reached XP level 1. HP: 19/19 MP: 0/0
    77 | D:1      | Reached skill level 3 in Axes
   106 | D:1      | Reached XP level 2. HP: 19/26 MP: 1/1
   295 | D:1      | Reached skill level 4 in Axes
   561 | D:1      | Reached XP level 3. HP: 31/31 MP: 2/2
  1040 | D:2      | Noticed Natasha
  1051 | D:2      | Killed Natasha
  1052 | D:2      | Reached skill level 5 in Axes
  1123 | D:2      | Noticed Natasha
  1130 | D:2      | Killed Natasha
  1131 | D:2      | Reached XP level 4. HP: 20/39 MP: 3/3
  1249 | D:2      | Noticed Natasha
  1256 | D:2      | Killed Natasha
  1257 | D:2      | Reached skill level 6 in Axes
  1654 | D:3      | Identified the +10 mace of the Unkillable {heavy, Fly rF+++
                  | Str-2 SInv}
  1741 | D:3      | Noticed Jessica
  1745 | D:3      | Reached XP level 5. HP: 45/45 MP: 4/4
  1746 | D:3      | Killed Jessica
  2213 | D:4      | Reached skill level 7 in Axes
  2267 | D:4      | Found a white marble altar of Elyvilon.
  2305 | D:4      | Noticed Eustachio
  2312 | D:4      | Killed Eustachio
  2313 | D:4      | Reached skill level 8 in Axes
  2313 | D:4      | Reached XP level 6. HP: 51/51 MP: 5/5
  2490 | D:4      | Found a snail-covered altar of Cheibriados.
  2531 | D:4      | Reached skill level 9 in Axes
  2666 | D:4      | Noticed an ice beast
  2673 | D:4      | Reached XP level 7. HP: 41/57 MP: 6/6
  2956 | D:4      | Found an ancient bone altar of Kikubaaqudgha.
  3084 | D:5      | Entered Level 5 of the Dungeon
  3101 | D:5      | Noticed a shadow
  3109 | D:5      | Killed a shadow
  3110 | D:5      | Reached skill level 10 in Axes
  3151 | D:5      | Found a glowing drain.
  3209 | Sewer    | Entered a sewer
  3232 | Sewer    | Noticed Pargi
  3242 | Sewer    | Killed Pargi
  3517 | D:5      | Reached skill level 11 in Axes
  3847 | D:5      | Found Afuhov's Distillery.
  3853 | D:5      | Reached XP level 8. HP: 52/64 MP: 7/7
  3895 | D:5      | Bought a potion of heal wounds for 50 gold pieces
  3895 | D:5      | Bought a potion of curing for 30 gold pieces
  4412 | D:6      | Noticed Maggie
  4423 | D:6      | Killed Maggie
  4424 | D:6      | Reached skill level 12 in Axes
  4511 | D:6      | Reached skill level 13 in Axes
  4643 | D:6      | Found a staircase to the Ecumenical Temple.
  4675 | Temple   | Entered the Ecumenical Temple
  4704 | Temple   | Became a worshipper of Warmaster Okawaru
  4922 | D:6      | Reached skill level 1 in Invocations
  5149 | D:7      | Reached XP level 9. HP: 55/70 MP: 9/9
  5179 | D:7      | Noticed Pikel
  5190 | D:7      | Killed Pikel
  5190 | D:7      | Reached * piety under Okawaru
  5190 | D:7      | Reached ** piety under Okawaru
  5191 | D:7      | Reached skill level 14 in Axes
  5642 | D:7      | Identified the +11 rapier of Upheaval {antimagic, *Rage
                  | Str+6}
  5839 | D:8      | Reached skill level 15 in Axes
  5907 | D:8      | Noticed an orange demon
  5914 | D:8      | Noticed Amaemon
  5921 | D:8      | Killed an orange demon
  5921 | D:8      | Reached *** piety under Okawaru
  5929 | D:8      | HP: 2/70 [scorpion[Amaemon] (4)]
  5929 | D:8      | Slain by Amaemon

Illustrated notes

Levels and vault maps discovered:
D:1:      nzn_arrival_crosshair, layout_loops_corners
D:2:      layout_basic, uniq_natasha
D:3:      layout_basic, uniq_jessica
D:4:      layout_loops_cross, mainiacjoe_overflow_paths,
          mainiacjoe_overflow_alcove_2, slow_altar_1, kennysheep_doodads,
          minmay_misc_feat_tower, uniq_eustachio
D:5:      layout_layer_cave, portal_sewer_entry_a, serial_shops,
          nicolae_shop_trees, grunt_decor_one_mirror
D:6:      layout_rooms, temple_green, grunt_ministairs_4, minivault_23,
          uniq_maggie
D:7:      layout_basic, uniq_pikel
D:8:      layout_rooms, enter_bailey_2, uniq_amaemon
Temple:   nicolae_temple_elliptical

Skill      XL: |  1  2  3  4  5  6  7  8  9 |
---------------+----------------------------+-----
Axes           | 3 4 5 6 8 9 11 13 15 | 15.5
Invocations    | 2 4 |  4.8
Fighting       | |  3.6
Armour         | |  3.6
Shields        | |  3.6

Action                     |  1- 3 |  4- 6 |  7- 9 || total
---------------------------+-------+-------+-------++-------
  Melee: War axe           |    51 |    78 |   205 ||   334
         Headbutt          |     7 |    18 |    33 ||    58
         Mace              |       |     7 |    13 ||    20
  Throw: Boomerang         |    13 |       |       ||    13
  Evoke: Wand              |       |       |     7 ||     7
    Use: Scroll            |       |       |    16 ||    16
         Potion            |       |       |     3 ||     3
 Armour: Scale mail        |    28 |     9 |       ||    37
         Chain mail        |       |    22 |    39 ||    61
         Plate armour      |       |       |   114 ||   114
  Dodge: Dodged            |    25 |    63 |   131 ||   219
  Block: Buckler           |    10 |    15 |    55 ||    80

Table legend: (Time is in decaauts)
 A = Elapsed time spent in this place.
 B = Non-inter-level travel time spent in this place.
 C = Inter-level travel time spent in this place.
 D = Time resting spent in this place.
 E = Time spent auto-exploring this place.
 F = Levels seen in this place.
 G = Mean time per level.
                   A        B        C        D        E       F      G
               +--------+--------+--------+--------+--------+-----+--------+
         Total |   6001 |   5735 |    266 |     68 |   4188 |  10 |  600.1 |
       Dungeon |   5731 |   5521 |    210 |     68 |   4125 |   8 |  716.4 |
        Temple |     58 |      2 |     56 |      0 |      0 |   1 |   58.0 |
         Sewer |    211 |    211 |      0 |      0 |     63 |   1 |  211.0 |
               +--------+--------+--------+--------+--------+-----+--------+

Top non-repeatable levels by time:
     D:1: 1034 daAuts
     D:5: 1024 daAuts
     D:4: 884 daAuts
     D:6: 729 daAuts
     D:7: 722 daAuts
     D:2: 620 daAuts
     D:3: 589 daAuts
   Sewer: 211 daAuts
     D:8: 126 daAuts
  Temple: 58 daAuts
